 Dungeon Crawl Stone Soup version 0.30-a0-476-g330ca2eb8e (webtiles) character file.

Game seed: 4786743055163862830

119 Iflex the Digger (level 4, -4/34 HPs)
             Began as a Demigod Earth Elementalist on Dec 21, 2022.
             Slain by Sigmund
             ... wielding a +0 scythe
              (5 damage)
             ... on level 2 of the Dungeon.
             The game lasted 00:08:00 (1270 turns).

Iflex the Digger (Demigod Earth Elementalist)       Turns: 1270, Time: 00:08:01

Health: -4/34      AC:  7    Str:  9    XL:     4   Next: 46%
Magic:  15/19      EV:  9    Int: 21    God:
Gold:   77         SH:  0    Dex: 14    Spells: 7/8 levels left

rFire   . . .      SeeInvis .    e - +0 short sword
rCold   . . .      Faith    .    (no shield)
rNeg    . . .      Spirit   .    c - +2 robe of Muxoil {+Inv rC- Will+ Stlth+}
rPois   .          Reflect  .    (no helmet)
rElec   .          Harm     .    g - +2 cloak
rCorr   .          Rampage  .    (no gloves)
Will    +....                    (no boots)
Stlth   ++........               (no amulet)
HPRegen 0.25/turn                d - ring of magical power
MPRegen 0.16/turn                h - ring of protection from cold

@: silenced, constricted
A: high MP 1, forlorn, divine attributes
a: Evoke Invisibility


You were on level 2 of the Dungeon.
You visited 1 branch of the dungeon, and saw 2 of its levels.

You collected 77 gold pieces.

Inventory:

Hand Weapons
 e - a +0 short sword (weapon)
 l - a +1 dagger of pain
Armour
 a - a +0 robe
 c - the +2 robe of Muxoil (worn) {+Inv rC- Will+ Stlth+}
   (You found it on level 2 of the Dungeon)

   rC:        It makes you vulnerable to cold.
   +Inv:      It lets you turn invisible.
   Will:      It increases your willpower.
   Stlth:     It makes you more stealthy.
 g - a +2 cloak (worn)
Jewellery
 d - a ring of magical power (left hand)
 h - a ring of protection from cold (right hand)
Scrolls
 f - a scroll of vulnerability {unknown}
 k - a scroll of identify {unknown}
Potions
 b - a potion of magic


   Skills:
 + Level 0.5 Fighting
 + Level 0.3 Short Blades
 + Level 2.3 Dodging
 + Level 2.1 Stealth
 + Level 2.6 Spellcasting
 + Level 0.8 Transmutations
 + Level 3.8 Earth Magic


You had 7 spell levels left.
You knew the following spells:

 Your Spells              Type           Power      Damage    Failure   Level
a - Sandblast             Erth           36%        2d10      2%          1

Your spell library contained the following spells:

 Spells                   Type           Power      Damage    Failure   Level
 Passwall                 Tmut/Erth      10%        N/A       8%          2
 Stone Arrow              Conj/Erth      20%        3d8       19%         3
 Petrify                  Tmut/Erth      12%        N/A       45%         4


Dungeon Overview and Level Annotations

Branches:
Dungeon (2/15)

Annotations:
D:2 Sigmund


Innate Abilities, Weirdness & Mutations

You have an increased reservoir of magic. (+10% MP)
You shall have no god before yourself.
Your divine heritage dramatically boosts your attributes as you level up.


Message History

The hobgoblin closely misses you. The goblin attacks as you move away!
The goblin hits you but does no damage. The hobgoblin closely misses you.
The goblin no longer looks unusually strong.
The goblin attacks as you move away! The goblin misses you.
Sigmund mumbles some strange words.
Sigmund flickers and vanishes!
Deactivating autopickup; reactivate with Ctrl-A.
The hobgoblin barely misses you. The goblin misses you.
The goblin hits you but does no damage. The hobgoblin attacks as you move away!
The hobgoblin hits you but does no damage.
The ball python misses you. x2
The hobgoblin attacks as you move away! The hobgoblin hits you.
You feel a little less clever now.
There is a stone staircase leading down here.
Something hits you.
The hobgoblin hits you but does no damage.
The goblin hits you with a +0 club.
* * * LOW HITPOINT WARNING * * *
The ball python closely misses you. The ball python grabs you.
You stop descending the stairs.
The ball python constricts you.
* * * LOW HITPOINT WARNING * * *
You escape the ball python's grasp.
The goblin barely misses you. The hobgoblin misses you.
The ball python misses you. The ball python grabs you.
You stop descending the stairs.
The ball python constricts you. Something hits you.
* * * LOW HITPOINT WARNING * * *
Unknown command.
You escape the ball python's grasp.
The goblin hits you but does no damage. The hobgoblin hits you.
* * * LOW HITPOINT WARNING * * *
The ball python bites you.
* * * LOW HITPOINT WARNING * * *
The ball python grabs you.
You stop descending the stairs.
The ball python constricts you.
You hit the ball python.
The ball python is moderately wounded.
Something hits you.
You die...

.........#...........#.#
..S......#.....).......#
.........#....)...g...##
.........####)######.######
.[..........).............#
...####........####.####..#
#....{..#⌠...g...⌠# #
#.....g.#..##g##g.#
#.....g@#.#.#.# .#
#.....S.# ##... #
#........⌠...⌠.
#.......#.##...
#######.#.#.#.#. #.# . #.#
.. #.. ##


You could see a hobgoblin, a goblin and a ball python.

Vanquished Creatures
  Natasha (twice) (D:2)
  Robin (D:2)
  An adder (D:2)
  A dart slug (D:1)
  An endoplasm (D:2)
  A giant cockroach (D:1)
  12 goblins
  4 hobgoblins
  4 jackals (D:1)
  5 kobolds
  A quokka (D:1)
  2 ball pythons (D:1)
  2 bats (D:1)
  4 frilled lizards
  6 rats
47 creatures vanquished.

Notes
Turn   | Place    | Note
-------+----------+-------------------------------------------
     0 | D:1      | Iflex the Demigod Earth Elementalist began the quest for
                  | the Orb.
     0 | D:1      | Reached XP level 1. HP: 14/14 MP: 5/5
    56 | D:1      | You fall into a shaft and drop 1 floor!
   150 | D:2      | Identified the +2 robe of Muxoil {+Inv rC- Will+ Stlth+}
   236 | D:1      | Reached XP level 2. HP: 12/20 MP: 0/7
   316 | D:1      | Reached skill level 3 in Earth Magic
  1021 | D:2      | Noticed Natasha
  1026 | D:2      | Killed Natasha
  1027 | D:2      | Reached XP level 3. HP: 25/27 MP: 9/9
  1155 | D:2      | Noticed Natasha
  1157 | D:2      | Killed Natasha
  1158 | D:2      | Reached XP level 4. HP: 34/34 MP: 10/10
  1185 | D:2      | Noticed Robin
  1247 | D:2      | Killed Robin
  1253 | D:2      | Noticed Sigmund
  1269 | D:2      | HP: 1/34 [ball python (3)]
  1270 | D:2      | Slain by Sigmund

Illustrated notes

Levels and vault maps discovered:
D:1:      dpeg_arrival_round_c, layout_basic, minmay_misc_feat_chi,
          minmay_hexomino_r4
D:2:      layout_basic, roderic_three_in_a_row, minmay_misc_feat_five,
          uniq_sigmund, uniq_robin, uniq_natasha

Skill      XL: |  1  2 |
---------------+-------+-----
Dodging        | 2 |  2.3
Earth Magic    | 3 |  3.8
Stealth        | 2 |  2.1
Spellcasting   | 2 |  2.6
Fighting       | |  0.5
Short Blades   | |  0.3
Transmutations | |  0.8

Action                   |  1- 3 |  4- 6 || total
-------------------------+-------+-------++-------
Melee: Unarmed           |    14 |       ||    14
       Short sword       |    29 |    12 ||    41
       Punch             |     1 |       ||     1
 Cast: Sandblast         |    48 |    12 ||    60
  Use: Scroll            |       |     1 ||     1
       Potion            |       |     1 ||     1
 Stab: Sleeping          |     2 |       ||     2
Armor: Robe              |    13 |    28 ||    41
Dodge: Dodged            |    60 |    31 ||    91

Table legend: (Time is in decaauts)
 A = Elapsed time spent in this place.
 B = Non-inter-level travel time spent in this place.
 C = Inter-level travel time spent in this place.
 D = Time resting spent in this place.
 E = Time spent auto-exploring this place.
 F = Levels seen in this place.
 G = Mean time per level.
                   A        B        C        D        E       F      G
               +--------+--------+--------+--------+--------+-----+--------+
         Total |   1297 |   1281 |     16 |    106 |    782 |   2 |  648.5 |
       Dungeon |   1297 |   1281 |     16 |    106 |    782 |   2 |  648.5 |
               +--------+--------+--------+--------+--------+-----+--------+

Top non-repeatable levels by time:
     D:1: 856 daAuts
     D:2: 440 daAuts
